 Dungeon Crawl Stone Soup version 0.31-a0-609-g7bf6ffcfed (webtiles) character file.

Game seed: 16440458868971614912

10 Fodor the Trooper (level 2, -2/27 HPs)
             Began as a Minotaur Fighter on Aug 21, 2023.
             Slain by a gnoll
             ... wielding a +0 flail
              (6 damage)
             ... on level 2 of the Dungeon.
             The game lasted 00:02:40 (641 turns).

Fodor the Trooper (Minotaur Fighter)                 Turns: 641, Time: 00:02:41

Health: -2/27      AC:  7    Str: 20    XL:     2   Next: 10%
Magic:  1/1        EV:  9    Int:  5    God:
Gold:   72         SH:  4    Dex:  9    Spells: 1/1 levels left

rFire   . . .        a - +0 long sword
rCold   . . .        c - +0 buckler
rNeg    . . .        b - +0 scale mail
rPois   .            (helmet restricted)
rElec   .            (no cloak)
rCorr   .            (no gloves)
SInv    .            (no boots)
Will    .....        (no amulet) Stlth
                     (no ring)
HPRegen 0.24/turn    (no ring)
MPRegen 0.07/turn

%: no passive effects
@: no status effects
A: horns 2, retaliatory headbutt
a: no special abilities


You were on level 2 of the Dungeon.
You visited 1 branch of the dungeon, and saw 2 of its levels.

You collected 72 gold pieces.

Inventory:

Hand Weapons
 a - a +0 long sword (weapon)
Armour
 b - a +0 scale mail (worn)
 c - a +0 buckler (worn)
Scrolls
 f - a scroll of amnesia {unknown}
 g - a scroll of vulnerability {unknown}
 h - a scroll of fog {unknown}
 j - a scroll of teleportation {unknown}
 k - a scroll of identify {unknown}
 l - a scroll of enchant armour {unknown}
Potions
 d - a potion of might
 e - a potion of degeneration {unknown}
 i - a potion of mutation {unknown}


   Skills:
 + Level 3.9 Fighting
 + Level 2.5 Long Blades
 + Level 3.9 Armour
 + Level 3.8 Shields


You had one spell level left.
You didn't know any spells.
Your spell library was empty.

Dungeon Overview and Level Annotations

Branches:
Dungeon (2/15)

Altars:

Shops:
D:1 :


Innate Abilities, Weirdness & Mutations

You have a pair of horns on your head.
You reflexively headbutt those who attack you in melee.


Message History

You block the gnoll's attack. The dart slug barely misses you.
The gnoll closely misses you.
The gnoll hits you from afar with a +0 spear.
The gnoll attacks as it pursues you! The gnoll hits you but does no damage.
The gnoll attacks as it pursues you!
The gnoll hits you from afar with a +0 halberd.
A bat comes into view.
The gnoll attacks as it pursues you! You block the gnoll's attack.
The dart slug attacks as it pursues you!
The dart slug bites you but does no damage.
The gnoll barely misses you. The gnoll hits you but does no damage.
The gnoll hits you but does no damage. The adder completely misses you.
The ball python closely misses you. You furiously retaliate!
You headbutt the ball python. The ball python closely misses you.
The gnoll barely misses you. The gnoll hits you but does no damage.
The bat hits you but does no damage. The gnoll closely misses you.
The gnoll attacks as it pursues you! The gnoll barely misses you.
The bat hits you but does no damage. The gnoll barely misses you.
The gnoll attacks as it pursues you! You block the gnoll's attack.
The bat barely misses you. The gnoll hits you with a +0 whip!
The ball python barely misses you. The ball python closely misses you.
The gnoll attacks as it pursues you!
The gnoll hits you from afar with a +0 halberd.
* * * LOW HITPOINT WARNING * * *
The ball python barely misses you. You furiously retaliate!
You headbutt the ball python!
You kill the ball python! 4 giant cockroaches come into view.
The gnoll closely misses you.
The gnoll hits you from afar with a +0 halberd.
* * * LOW HITPOINT WARNING * * *
There is an escape hatch in the floor here. 2 giant cockroaches come into view.
You slash the giant cockroach!
You kill the giant cockroach!
The giant cockroach waves its antennae.
The gnoll hits you with a +0 flail.
You die...

...... ..... ..B.
.B. #B. #B# #B###
#@gg############
###gbw...#.....##
##.g...........##
#.S.............#
#............$..#
#.................#
#.#...............#
#.#.......<.......#
...............>.##


You could see 4 gnolls, a dart slug, 5 giant cockroaches and a bat.

Vanquished Creatures
  A ball python (D:2)
  A bat (D:1)
  A giant cockroach (D:2)
  A goblin (D:1)
  3 hobgoblins (D:1)
  2 kobolds (D:1)
  A rat (D:1)
10 creatures vanquished.

Notes
Turn   | Place    | Note
-------+----------+-------------------------------------------
     0 | D:1      | Fodor the Minotaur Fighter began the quest for the Orb.
     0 | D:1      | Reached XP level 1. HP: 19/19 MP: 0/0
    50 | D:1      | Found Moadde's Book Shoppe.
   294 | D:1      | Found a faded altar of an unknown god.
   423 | D:1      | Reached XP level 2. HP: 27/27 MP: 1/1
   641 | D:2      | Slain by a gnoll

Illustrated notes

Levels and vault maps discovered:
D:1:      saegor_arrival_miasma, layout_basic,
          ebering_ecumenical_altar_petrified, serial_shops, shop,
          dk_noncrumbling_4
D:2:      minmay_roachtagon, layout_rooms, basic_altar, uniq_robin

Action                     || total
---------------------------++-------
  Melee: Long sword        ||    14
         Headbutt          ||     4
 Armour: Scale mail        ||    11
  Dodge: Dodged            ||    22
  Block: Buckler           ||     7

Table legend: (Time is in decaauts)
 A = Elapsed time spent in this place.
 B = Non-inter-level travel time spent in this place.
 C = Inter-level travel time spent in this place.
 D = Time resting spent in this place.
 E = Time spent auto-exploring this place.
 F = Levels seen in this place.
 G = Mean time per level.
                   A        B        C        D        E       F      G
               +--------+--------+--------+--------+--------+-----+--------+
         Total |    644 |    582 |     62 |      0 |      0 |   2 |  322.0 |
       Dungeon |    644 |    582 |     62 |      0 |      0 |   2 |  322.0 |
               +--------+--------+--------+--------+--------+-----+--------+

Top non-repeatable levels by time:
     D:1: 625 daAuts
     D:2: 18 daAuts
